 Dungeon Crawl Stone Soup version 0.30.0-10-gfe55d96785 (webtiles) character file.

Game seed: 13724087169371703981

861 voltaire321 the Sneak (level 7, 0/55 HPs)
             Began as a Demonspawn Delver on May 13, 2023.
             Slain by an orc
             ... wielding a +0 trident
              (5 damage)
             ... on level 5 of the Dungeon.
             The game lasted 00:10:21 (4191 turns).

voltaire321 the Sneak (Demonspawn Delver)           Turns: 4191, Time: 00:10:22

Health: 0/55       AC: 14    Str: 14    XL:     7   Next: 71%
Magic:  7/7        EV: 10    Int: 20    God:
Gold:   228        SH:  0    Dex: 14    Spells: 6/6 levels left

rFire   . . .        E - +0 long sword
rCold   . . .        (no shield)
rNeg    . . .        n - +3 scale mail
rPois   .            b - +0 helmet
rElec   .            y - +0 cloak
rCorr   .            H - +0 pair of gloves
SInv    .            u - +0 pair of boots
Will    .....        (no amulet)
Stlth   ++           l - +6 ring of intelligence
HPRegen 0.29/turn    (no ring)
MPRegen 0.10/turn

%: no passive effects
@: no status effects
A: claws 1, spiny 1, big brain 1
a: no special abilities


You were on level 5 of the Dungeon.
You visited 1 branch of the dungeon, and saw 5 of its levels.

You collected 228 gold pieces.

Inventory:

Hand Weapons
 a - a +0 falchion
 E - a +0 long sword (weapon)
Missiles
 h - a curare-tipped dart
 w - 5 poisoned darts (quivered)
Armour
 b - a +0 helmet (worn)
 n - a +3 scale mail (worn)
 u - a +0 pair of boots (worn)
 y - a +0 cloak (worn)
 H - a +0 pair of gloves (worn)
Magical Staves
 k - a staff of conjuration
Jewellery
 l - a +6 ring of intelligence (left hand)
 B - an amulet of magic regeneration
 G - a ring of protection from cold
 I - a ring of resist corrosion
Wands
 g - a wand of digging (3)
Scrolls
 c - 2 scrolls of fog
 d - a scroll of magic mapping
 e - 2 scrolls of fear
 f - a scroll of vulnerability {unknown}
 i - a scroll of butterflies {unknown}
 o - 2 scrolls of immolation {unknown}
 p - 8 scrolls of identify {unknown}
 s - 2 scrolls of teleportation {unknown}
 C - 3 scrolls of enchant weapon {unknown}
 D - a scroll of poison {unknown}
 F - a scroll of torment {unknown}
 M - a scroll of enchant armour {unknown}
 N - a scroll of noise {unknown}
Potions
 j - a potion of might {unknown}
 m - a potion of brilliance {unknown}
 q - a potion of attraction {unknown}
 r - 2 potions of ambrosia {unknown}
 t - 3 potions of curing {unknown}
 v - a potion of lignification {unknown}
 x - 2 potions of flight {unknown}
 z - a potion of resistance {unknown}
 A - a potion of haste
 J - a potion of heal wounds {unknown}
 K - a potion of degeneration {unknown}
 L - a potion of berserk rage {unknown}


   Skills:
 + Level 4.9 Fighting
 + Level 3.9 Long Blades
 + Level 3.2 Armour
 + Level 4.0 Dodging
 - Level 6.0 Stealth


You had 6 spell levels left.
You didn't know any spells.
Your spell library contained the following spells:

 Spells                   Type           Power      Damage    Failure   Level
 Inner Flame              Hex/Fire       0%         N/A       93%         3
 Ozocubu's Armour         Ice            0%         N/A       93%         3
 Flame Wave               Conj/Fire      0%         2d4       100%        4
 Sticky Flame             Conj/Fire      0%         2d3       100%        4
 Ozocubu's Refrigeration  Ice            0%         4d7       100%        7


Dungeon Overview and Level Annotations

Branches:
Dungeon (5/15)
 Temple: D:4-7

Altars:
Ashenzari
Cheibriados
Gozag
Nemelex Xobeh
Qazlal
Ru
Sif Muna
Yredelemnul

Shops:
D:3 *


Innate Abilities, Weirdness & Mutations

You have sharp fingernails.
You are partially covered in sharp spines.
You have an unusually large brain. (Int +2)


Message History

You barely miss something. Something hits you but does no damage.
Something hits you.
You hit something.
Reactivating autopickup.
You feel a bit more experienced.
You hit the orc.
The orc is heavily wounded.
The orc barely misses you.
You slash the orc!
You kill the orc!
You hit the ogre.
The ogre is lightly wounded.
The ogre is struck by your spines.
The ogre hits you with a +0 giant spiked club!!
You hit the ogre.
The ogre is heavily wounded.
The orc barely misses you. The ogre is struck by your spines.
The ogre hits you with a +0 giant spiked club!!
* * * LOW HITPOINT WARNING * * *
The orc hits you from afar with a +0 trident.
* * * LOW HITPOINT WARNING * * *
You hit the ogre.
The ogre is severely wounded.
The orc hits you from afar with a +0 trident.
* * * LOW HITPOINT WARNING * * *
The ogre barely misses you.
You hit the ogre.
The ogre is severely wounded.
The orc closely misses you.
You slash the ogre!
You kill the ogre!
The orc barely misses you.
Training target 6.0 for Stealth reached!
Your Dodging skill increases to level 4!
Your Stealth skill increases to level 6!
You slash the orc!
You kill the orc!
The orc hits you but does no damage. The orc hits you with a +0 trident.
You die...

#.#.........#. .###
########.#.##########
.c..#########.....##.#...........
....)..O.........................
..................##.............
....#########.....###############
... #...### ## ###o#######
#.@.....# #######.###########
...................
#######.########### #.# #.# #.#
#.# #.# #


You could see an orc.

Vanquished Creatures
  Grinder (D:4)
  Sigmund (D:3)
  An ogre (D:5)
  A phantom (D:5)
  A scorpion (D:4)
  Crazy Yiuf (D:2)
  Terence (D:3)
  2 orc wizards
  Robin (D:2)
  5 adders
  4 dart slugs
  7 orcs
  7 bats
  9 endoplasms
  3 giant cockroaches
  17 goblins
  15 hobgoblins
  11 jackals
  4 quokkas
  4 ball pythons
  4 frilled lizards
  5 kobolds
  4 rats
109 creatures vanquished.

Notes
Turn   | Place    | Note
-------+----------+-------------------------------------------
     0 | D:5      | voltaire321 the Demonspawn Delver began the quest for the
                  | Orb.
     0 | D:5      | Reached XP level 1. HP: 18/18 MP: 1/1
    47 | D:5      | Noticed an iguana
    77 | D:4      | Found a stormy altar of Qazlal.
    93 | D:4      | Noticed a scorpion
   156 | D:3      | Noticed Sigmund
   273 | D:2      | Gained mutation: You have sharp fingernails. [demonic
                  | ancestry]
   273 | D:2      | Reached XP level 2. HP: 3/24 MP: 2/2
   633 | D:1      | Gained mutation: You have an unusually large brain. (Int
                  | +2) [demonic ancestry]
   633 | D:1      | Reached XP level 3. HP: 24/29 MP: 3/3
   742 | D:1      | Reached skill level 1 in Armour
  1345 | D:2      | Found a runed translucent door.
  1346 | D:2      | Noticed Crazy Yiuf
  1365 | D:2      | Killed Crazy Yiuf
  1366 | D:2      | Gained mutation: You are partially covered in sharp spines.
                  | [demonic ancestry]
  1366 | D:2      | Reached XP level 4. HP: 35/35 MP: 4/4
  1464 | D:2      | Noticed Robin
  1487 | D:2      | Killed Robin
  1637 | D:2      | Reached skill level 5 in Stealth
  1861 | D:2      | Reached XP level 5. HP: 42/42 MP: 5/5
  1910 | D:2      | Found a faded altar of an unknown god.
  2243 | D:3      | Killed Sigmund
  2244 | D:3      | Reached XP level 6. HP: 48/48 MP: 6/6
  2251 | D:3      | Identified the +4 scale mail of the Hurting Gods {+Inv rC-
                  | Dex+2}
  2282 | D:3      | Found a sacrificial altar of Ru.
  2282 | D:3      | Found a basalt altar of Yredelemnul.
  2291 | D:3      | Found a broken altar of Ashenzari.
  2350 | D:3      | Found a snail-covered altar of Cheibriados.
  2428 | D:3      | Noticed Terence
  2448 | D:3      | Killed Terence
  2486 | D:3      | Found a transporter.
  2488 | D:3      | Found Bulof's Assorted Antiques.
  2679 | D:3      | Found a transporter.
  2990 | D:4      | Noticed Grinder
  3027 | D:4      | Killed Grinder
  3028 | D:4      | Reached XP level 7. HP: 28/55 MP: 7/7
  3228 | D:4      | Found a sparkling altar of Nemelex Xobeh.
  3451 | D:4      | Found a shimmering blue altar of Sif Muna.
  4080 | D:5      | Found an opulent altar of Gozag.
  4190 | D:5      | Reached skill level 6 in Stealth
  4191 | D:5      | Slain by an orc

Illustrated notes

Levels and vault maps discovered:
D:1:      lightli_iron_boxes, layout_basic
D:2:      layout_basic, hellmonk_ecumenical_altar_crossroads,
          grunt_ministairs_9, minmay_quadrilaterals, uniq_robin,
          uniq_crazy_yiuf_cottage
D:3:      layout_rooms, lemuel_doored_altar,
          mainiacjoe_overflow_concentric_impassable,
          mainiacjoe_overflow_divided_tiny, serial_shops,
          nicolae_shop_drivethru, uniq_sigmund, uniq_terence
D:4:      layout_cave_pods, nicolae_qazlal_eye_of_the_storm,
          nicolae_sif_muna_little_library, general_overflow_altar, uniq_grinder
D:5:      layout_basic, grunt_gozag_breadcrumbs, uniq_edmund

Skill      XL: |  1  2  3  4  5  6  7 |
---------------+----------------------+-----
Long Blades    | 2 3 |  3.9
Dodging        | 2 3 4 |  4.0
Armour         | 1 2 3 |  3.2
Stealth        | 5 6 |  6.0
Fighting       | 4 |  4.9

Action                     |  1- 3 |  4- 6 |  7- 9 || total
---------------------------+-------+-------+-------++-------
  Melee: Falchion          |   136 |   113 |       ||   249
         Punch             |       |     2 |       ||     2
         Long sword        |       |    16 |    48 ||    64
  Throw: Dart              |     2 |     3 |       ||     5
    Use: Potion            |     1 |       |       ||     1
   Stab: Sleeping          |     4 |     2 |       ||     6
 Armour: Leather armour    |    56 |     2 |       ||    58
         Scale mail        |       |    81 |    23 ||   104
  Dodge: Dodged            |   139 |    55 |    24 ||   218
